AoeStats
← zack

Arena

514829696Analyzed
4v4 RM · 28d ago on Oct 19, 2026· 55m 21s· 8 players
Game mode
Random Map
Map size
Large (8 player)
Population
200
Speed
Normal
Resources
Standard
Victory
Conquest
Starting age
Dark Age
Ending age
Imperial Age
RankedLock teamsTeams togetherTeam positionsShared explorationLock speedFull tech treeHidden civsTurbo modeCheats
Victory
Defeat
🇪🇸 Byzantines · Spain
1187
+15
🇹🇼 Spanish · Taiwan
1174
+15
🇬🇧 Bohemians · United Kingdom
1170
+15
🇫🇷 Koreans · France
1156
+16
vs
🇨🇳 Gurjaras · China
1198
-17
🇨🇳 Mapuche · China
1159
-15
🇨🇳 Wei · China
1153
-15
🇨🇳 Persians · China
1129
-14
zack
10:46 Feudal Age
11:23 Double-Bit Axe
12:10 Loom
15:59 Castle Age
15:20 Horse Collar
17:29 Bow Saw
17:31 Heavy Plow
18:52 Wheelbarrow
21:39 Gold Mining
23:40 Bloodlines
25:29 Hand Cart
27:28 Scale Barding Armor
27:48 Town Watch
28:50 Husbandry
29:14 Chain Barding Armor
29:05 Forging
31:31 Imperial Age
31:09 Gold Shaft Mining
30:28 Stone Mining
31:49 Elite Shrivamsha Rider
33:32 Plate Barding Armor
33:34 Fortified Wall
32:56 Heavy Camel Rider
34:22 Crop Rotation
35:48 Conscription
35:56 Scale Mail Armor
37:49 Kshatriyas
40:22 Iron Casting
46:52 Caravan
51:29 Padded Archer Armor
51:19 Fletching
53:00 Elite Skirmisher
赢嘤嘤嘤嘤因
8:58 Feudal Age
13:51 Castle Age
12:11 Double-Bit Axe
13:20 Horse Collar
16:27 Bow Saw
21:23 Heavy Plow
27:04 Wheelbarrow
29:04 Imperial Age
26:38 Stone Mining
27:15 Scale Barding Armor
28:45 Chain Barding Armor
28:42 Hand Cart
28:12 Loom
28:13 Town Watch
29:27 Tuntian
29:33 Town Patrol
29:48 Forging
29:39 Padded Archer Armor
29:30 Fletching
30:26 Stone Shaft Mining
31:03 Hoardings
31:35 Ming Guang Armor
31:20 Gold Mining
31:51 Elite Tiger Cavalry
34:57 Iron Casting
34:39 Leather Archer Armor
34:19 Bodkin Arrow
43:14 Parthian Tactics
44:23 Elite Skirmisher
46:14 Chemistry
45:34 Ballistics
47:39 Blast Furnace
46:40 Bracer
47:11 Ring Archer Armor
Longlonglong
11:23 Feudal Age
15:12 Castle Age
13:14 Double-Bit Axe
13:11 Horse Collar
23:55 Heavy Plow
24:08 Bow Saw
25:34 Gold Mining
26:49 Wheelbarrow
27:15 Gold Shaft Mining
26:33 Stone Mining
27:57 Stone Shaft Mining
29:55 Imperial Age
27:11 Loom
27:48 Husbandry
27:59 Bloodlines
27:48 Light Cavalry
28:46 Scale Barding Armor
28:53 Forging
30:42 Chain Barding Armor
30:08 Cavalier
31:58 Chemistry
32:04 Plate Barding Armor
33:02 Padded Archer Armor
36:00 Savar
45:54 Conscription
50:41 Elite Skirmisher
51:55 Leather Archer Armor
51:55 Hussar
55:58 Iron Casting
55:54 Ring Archer Armor
55:16 Fletching
Im Noob
9:49 Feudal Age
16:16 Castle Age
20:22 Double-Bit Axe
20:18 Horse Collar
22:54 Bow Saw
22:46 Heavy Plow
33:21 Imperial Age
32:02 Crossbowman
32:50 Heavy Plow
32:52 Padded Archer Armor
35:02 Crop Rotation
33:53 Pikeman
34:03 Elite Skirmisher
35:15 Butalmapu
36:53 Chemistry
36:17 Ballistics
36:13 Fletching
36:54 Bodkin Arrow
37:21 Leather Archer Armor
37:06 Scale Mail Armor
37:12 Scale Mail Armor
40:44 Ring Archer Armor
40:30 Chain Mail Armor
41:32 Arson
41:07 Halberdier
43:00 Plate Mail Armor
44:57 Forging
44:32 Treadmill Crane
Teiko
11:19 Feudal Age
12:31 Double-Bit Axe
15:39 Castle Age
13:55 Stone Mining
14:27 Loom
15:21 Gold Mining
15:35 Horse Collar
16:49 Bow Saw
18:52 Fletching
27:00 Wheelbarrow
26:52 Masonry
27:32 Town Watch
30:41 Imperial Age
28:52 Ballistics
28:32 Bodkin Arrow
29:53 Thumb Ring
30:15 Murder Holes
30:39 Husbandry
32:08 Conscription
32:53 Chemistry
32:06 Bracer
36:02 Two-Man Saw
35:22 Elite War Wagon
38:08 Siege Engineers
38:33 Architecture
39:06 Heavy Rocket Cart
40:20 Heavy Plow
40:38 Hand Cart
43:53 Shinkichon
43:57 Crossbowman
43:59 Elite Skirmisher
47:08 Arbalester
51:44 Scale Mail Armor
51:55 Forging
F5B01
11:40 Feudal Age
11:06 Loom
15:47 Castle Age
13:41 Double-Bit Axe
14:51 Horse Collar
18:26 Bow Saw
20:40 Wheelbarrow
21:32 Heavy Plow
22:27 Gold Mining
23:10 Stone Mining
28:15 Imperial Age
27:01 Forging
29:00 Hand Cart
29:22 Iron Casting
28:53 Scale Barding Armor
29:37 Conscription
30:53 Two-Man Saw
31:11 Chain Barding Armor
31:27 Elite Cataphract
32:15 Pikeman
32:58 Squires
33:05 Gambesons
33:07 Arson
35:17 Plate Barding Armor
36:00 Halberdier
37:29 Heavy Camel Rider
38:09 Husbandry
38:35 Heavy Camel Rider
40:57 Fortified Wall
42:07 Ballistics
42:48 Chemistry
44:01 Treadmill Crane
44:17 Murder Holes
44:30 Light Cavalry
46:03 Scale Mail Armor
46:14 Hussar
51:44 Gold Shaft Mining
52:39 Chain Mail Armor
53:04 Hoardings
52:25 Man-at-Arms
55:08 Long Swordsman
Sir Faffalot
7:29 Loom
11:12 Feudal Age
12:02 Double-Bit Axe
15:00 Castle Age
12:53 Horse Collar
16:24 Bow Saw
16:16 Heavy Plow
21:21 Wheelbarrow
20:37 Town Watch
24:00 Hand Cart
27:24 Imperial Age
26:44 Chemistry
25:48 Scale Mail Armor
25:59 Forging
25:47 Pikeman
26:28 Squires
27:20 Chain Mail Armor
27:39 Wagenburg Tactics
27:57 Sanctity
29:26 Two-Man Saw
28:34 Halberdier
33:12 Siege Engineers
33:10 Houfnice
34:37 Conscription
35:15 Arson
36:04 Plate Mail Armor
36:10 Iron Casting
47:15 Elite Hussite Wagon
48:12 Masonry
承
7:32 Loom
10:09 Feudal Age
16:51 Castle Age
14:50 Horse Collar
15:39 Double-Bit Axe
16:32 Scale Barding Armor
16:49 Stone Mining
17:27 Bloodlines
19:56 Heavy Plow
21:15 Bow Saw
31:46 Imperial Age
29:54 Wheelbarrow
29:04 Town Watch
29:30 Squires
28:51 Pikeman
31:17 Forging
31:28 Chain Barding Armor
31:10 Husbandry
30:31 Light Cavalry
31:54 Hand Cart
31:40 Town Patrol
31:56 Husbandry
31:16 Light Cavalry
32:46 Iron Casting
32:49 Conscription
32:33 Scale Mail Armor
32:40 Elite Conquistador
36:12 Two-Man Saw
36:04 Halberdier
37:21 Plate Barding Armor
37:14 Hussar
40:56 Blast Furnace
40:12 Chain Mail Armor
42:33 Chemistry
41:51 Murder Holes
42:18 Ballistics
Connection lost

Rejoining the realm…

Still unreachable

The connection could not be restored.

Session expired

The server has moved on; the page needs a fresh start.